 Dungeon Crawl Stone Soup version 0.30.0-10-gfe55d96785 (webtiles) character file.

Game seed: 16462150696418520080

776 Danienth the Slasher (level 7, -1/62 HPs)
             Began as an Armataur Monk on May 16, 2023.
             Was an Initiate of Gozag.
             Slain by a jelly (3 damage)
             ... on level 4 of the Dungeon.
             The game lasted 00:14:16 (3215 turns).

Danienth the Slasher (Armataur Monk)                Turns: 3215, Time: 00:14:17

Health: -1/62      AC: -3    Str: 17    XL:     7   Next: 54%
Magic:  9/9        EV: 11    Int: 16    God:    Gozag
Gold:   596        SH:  0    Dex: 14    Spells: 7/9 levels left

rFire   . .          .
                       - Unarmed
rCold   . . .        d - orb {light}
rNeg    + . .        i - +0 robe {rN+}
rPois   .            (no helmet)
rElec   .            (no cloak)
rCorr   .            j - +0 pair of gloves
SInv    +            (no barding)
Will    .....        (no amulet)
Stlth   +            k - ring of see invisible
HPRegen 0.30/turn    r - +6 ring of intelligence
MPRegen 0.11/turn

%: roll
@: corroded, glowing, studying Unarmed Combat
A: large, rugged brown scales 3, deformed body, armoured tail, roll, long
tongue, awkward tongue
a: Renounce Religion, Potion Petition, Call Merchant, Bribe Branch


You were on level 4 of the Dungeon.
You worshipped Gozag.
Gozag was pleased with you.
You visited 1 branch of the dungeon, and saw 4 of its levels.

You collected 596 gold pieces.

Inventory:

Hand Weapons
 a - a +2 falchion
 h - a +0 whip of electrocution
 t - a +0 short sword of venom
Missiles
 n - 11 poisoned darts (quivered)
Armour
 d - an orb of light (worn)
 i - a +0 robe of positive energy (worn)
 j - a +0 pair of gloves (worn)
Magical Staves
 g - a staff of cold
 y - a staff of air
Jewellery
 k - a ring of see invisible (left hand)
 r - a +6 ring of intelligence (right hand)
Wands
 u - a wand of flame (10)
 x - a wand of iceblast (6)
Scrolls
 l - a scroll of amnesia {unknown}
 o - 2 scrolls of magic mapping
 s - a scroll of fear {unknown}
 w - a scroll of noise {unknown}
Potions
 c - a potion of ambrosia
 e - 2 potions of berserk rage {unknown}
 f - 2 potions of resistance
 m - a potion of lignification {unknown}
 p - a potion of curing {unknown}
 q - 3 potions of might {unknown}
 v - a potion of mutation {unknown}
 z - a potion of heal wounds {unknown}
 A - a potion of cancellation {unknown}
 B - a potion of invisibility {unknown}


   Skills:
 + Level 3.8 Fighting
 + Level 5.7 Long Blades
 + Level 3.3 Dodging
 + Level 1.0 Stealth
 * Level 2.9 Unarmed Combat
 * Level 1.6 Spellcasting
 * Level 2.1 Translocations


You had 7 spell levels left.
You knew the following spells:

 Your Spells              Type           Power      Damage    Failure   Level
a - Blink                 Tloc           16%        N/A       14%         2

Your spell library contained the following spells:

 Spells                   Type           Power      Damage    Failure   Level
 Lesser Beckoning         Tloc           16%        N/A       14%         2
 Momentum Strike          Conj/Tloc      8%         3d8       22%         2
 Portal Projectile        Hex/Tloc       8%         N/A       38%         3
 Call Canine Familiar     Summ           1%         N/A       54%         3
 Leda's Liquefaction      Hex/Erth       0%         N/A       91%         4


Dungeon Overview and Level Annotations

Branches:
Dungeon (4/15)
 Temple: D:4-7

Altars:
Ashenzari
Elyvilon
Gozag
Qazlal

Annotations:
D:4 Menkaure


Innate Abilities, Weirdness & Mutations

You are completely covered in rugged brown scales. (AC +3, +7% HP)
Armour fits poorly on your strangely shaped body.
You have a long armoured tail.
You roll when moving toward enemies. (Rampage)
Your long tongue fully drains potion bottles. (2x potion effects)
Your tongue gives you trouble enunciating. (1.5x scroll delay)


Message History

You kill the iguana!
You now have 596 gold pieces (gained 5).
You see here a +0 ring mail.
Menkaure and a jelly come into view.
Menkaure shouts!
The jelly quivers.
Menkaure casts a spell.
Menkaure seems to speed up.
As you slowly read the scroll labelled LEITUI PIETISY, it crumbles to dust.
The scroll dissolves into smoke.
It was a scroll of fog.
The jelly hits you but does no damage.
You punch the jelly! The acid corrodes you!
Your hands burn!
The jelly is moderately wounded.
The jelly hits you.
You are splashed with acid!
You hit the jelly.
Your hands burn!
The jelly is severely wounded.
The jelly hits you. The acid corrodes you!
You are splashed with acid!
You hit the jelly but do no damage.
Your hands burn!
The jelly is severely wounded.
The jelly closely misses you.
You hit the jelly.
Your hands burn!
The jelly is severely wounded.
Menkaure rustles in an indecipherable tongue.
The jelly barely misses you.
You hit the jelly but do no damage.
Your hands burn!
You tail-slap the jelly, but do no damage.
The jelly is severely wounded.
The jelly hits you.
You are splashed with acid.
* * * LOW HITPOINT WARNING * * *
You hit the jelly but do no damage.
Your hands burn!
* * * LOW HITPOINT WARNING * * *
You tail-slap the jelly, but do no damage.
The jelly is severely wounded.
The jelly hits you.
* * * LOW HITPOINT WARNING * * *
You are splashed with acid!
* * * LOW HITPOINT WARNING * * *
The jelly attacks as you move away! The jelly hits you.
You die...
Your body crumbles into a pile of gold.

#..####.M......#
#....##........#
#[##..# #..# .#
##.###.# #..## .#
#..# #.## #...####
.# ##.## #..##
#.#...... ###
.####..#
##.§###M##...#. ..#
.##...##
##§§##J##.#.# #.#
[##.###
##.§@§§...### #.#
.##.###
####§§..##.#######.#
......#
#.§##.......))..#
......#
###....##.#######.#
......#
#...#...###....##.#
.......<#
#.###..#.#.#.#..#.#
......#..# #.#
#....#....#...#
.#######..# ##.#
####........<.. .#
#.# #..#
####.##.###.


You could see Menkaure (fast) and a jelly.

Vanquished Creatures
  Pikel (D:4)
  An ogre (D:4)
  2 iguanas (D:4)
  An orc wizard (D:3)
  Robin (D:3)
  7 adders
  A shadow imp (D:4)
  2 worms
  2 dart slugs (D:2)
  2 orcs (D:3)
  5 endoplasms
  2 giant cockroaches
  11 goblins
  6 hobgoblins
  8 kobolds
  4 quokkas
  3 ball pythons
  4 bats
  2 frilled lizards (D:2)
  A rat (D:1)
66 creatures vanquished.

Notes
Turn   | Place    | Note
-------+----------+-------------------------------------------
     0 | D:1      | Danienth the Armataur Monk began the quest for the Orb.
     0 | D:1      | Reached XP level 1. HP: 19/19 MP: 1/1
   170 | D:1      | Reached XP level 2. HP: 10/26 MP: 2/2
   355 | D:1      | Found a faded altar of an unknown god.
   406 | D:1      | Prayed at the altar of an unknown god.
   406 | D:1      | Became a worshipper of Gozag Ym Sagoz the Greedy
   793 | D:2      | Reached skill level 3 in Long Blades
   934 | D:2      | Reached XP level 3. HP: 11/33 MP: 3/3
  1316 | D:2      | Reached XP level 4. HP: 25/40 MP: 4/4
  1764 | D:3      | Found an opulent altar of Gozag.
  1848 | D:3      | Found a broken altar of Ashenzari.
  1851 | D:3      | Found a stormy altar of Qazlal.
  1851 | D:3      | Found a white marble altar of Elyvilon.
  1895 | D:3      | Noticed Robin
  1920 | D:3      | Reached skill level 4 in Long Blades
  1924 | D:3      | Killed Robin
  2079 | D:3      | Reached XP level 5. HP: 44/48 MP: 5/5
  2647 | D:4      | Learned a level 2 spell: Blink
  2669 | D:4      | Noticed an ogre
  2678 | D:4      | Killed an ogre
  2679 | D:4      | Reached skill level 1 in Unarmed Combat
  2679 | D:4      | Reached XP level 6. HP: 44/54 MP: 6/6
  2748 | D:4      | Noticed Pikel
  2782 | D:4      | Killed Pikel
  2783 | D:4      | Reached skill level 5 in Long Blades
  2783 | D:4      | Reached skill level 1 in Stealth
  2783 | D:4      | Reached skill level 1 in Spellcasting
  2783 | D:4      | Reached XP level 7. HP: 45/62 MP: 6/9
  3199 | D:4      | Noticed Menkaure
  3214 | D:4      | HP: 2/62 [acid (9)]
  3215 | D:4      | Slain by a jelly

Illustrated notes

Levels and vault maps discovered:
D:1:      dpeg_arrival_round_c, layout_rooms,
          shapermc_ecumenical_altar_flowoftime, minmay_misc_feat_room,
          chequers_avenue
D:2:      cheibrodos_helix_gallery, layout_loops_ring,
          chequers_serial_rivers_micro_b
D:3:      layout_basic, chequers_temple_overflow_statue_of_worship, uniq_robin
D:4:      layout_rooms, yredelemnul_forgotten_temple_becter,
          minmay_manual_monstrance, uniq_pikel, uniq_menkaure

Skill      XL: |  1  2  3  4  5  6 |
---------------+-------------------+-----
Long Blades    | 3 4 5 |  5.7
Fighting       | 3 |  3.8
Dodging        | 3 |  3.3
Unarmed Combat | 1 2 |  2.9
Stealth        | 1 |  1.0
Spellcasting   | 1 |  1.6
Translocations | 2 |  2.1

Action                     |  1- 3 |  4- 6 |  7- 9 || total
---------------------------+-------+-------+-------++-------
  Melee: Falchion          |   102 |   105 |       ||   207
         Tailslap          |    15 |    18 |     7 ||    40
         Unarmed           |       |       |    31 ||    31
  Throw: Throwing net      |       |     1 |       ||     1
    Use: Scroll            |       |     6 |     1 ||     7
         Potion            |       |     4 |       ||     4
   Stab: Held in net/web   |       |     1 |       ||     1
 Armour: Robe              |    41 |    30 |     5 ||    76
  Dodge: Dodged            |    55 |    66 |    17 ||   138
